 Dungeon Crawl Stone Soup version 0.15-a0-1880-g53e602b (webtiles) character file.

996539 Econoterrorist the Conqueror (level 27, -4/199 HPs)
             Began as a Gargoyle Fighter on July 3, 2014.
             Was the Champion of the Shining One.
             Slain by an ettin
             ... wielding a +0 dire flail
              (13 damage)
             ... on Level 2 of the Realm of Zot on July 5, 2014.
             The game lasted 15:53:43 (104889 turns).

Econoterrorist the Conqueror (Gargoyle Fighter)   Turns: 104889, Time: 15:53:43

HP  -4/199       AC 53     Str 30      XL: 27
MP   0/44        EV 10     Int 19      God: the Shining One [******]
Gold 13197       SH 16     Dex  9      Spells:  8 memorised, 14 levels left

rFire  + + .     SeeInvis +     U - +9 eveningstar (holy)
rCold  + + .     Clarity  .     L - +5 fire dragon armour
rNeg   + + +     rCorr    .     Z - +2 shield {reflect}
rPois  +         rRot     +     M - +2 hat of the Bear Spirit {Spirit, +Rage rN+ MR++}
rElec  +         Spirit   +     I - -2 cloak "Cila" {rC+ MR++}
SustAb .         Warding  +     s - +1 pair of gloves {Str+3} (curse)
rMut   .         Stasis   .     B - +2 pair of boots {run}
Gourm  .                        f - macabre finger necklace {Ward rN+}
MR     +++++                    A - ring of protection from cold
                                K - ring of regeneration
                                o - ring of Hibraw {rC+ Str+4 SInv}

@: about to teleport, very slightly contaminated, glowing, deflect missiles,
quick, almost entirely resistant to hostile enchantments, extremely unstealthy
A: able to fly continuously, big wings, negative energy resistance 1,
electricity resistance, unbreathing, petrification resistance, rot immunity, AC
+20
a: Fly, Divine Shield, Cleansing Flame, Summon Divine Warrior, Renounce
Religion, Evoke Berserk Rage
}: 9/15 runes: decaying, serpentine, slimy, silver, golden, obsidian, icy, bone,
abyssal


You were on level 2 of the Realm of Zot.
You worshipped the Shining One.
The Shining One was exalted by your worship.
You were not hungry.

You visited 17 branches of the dungeon, and saw 87 of its levels.
You visited the Abyss 1 time.
You also visited: Labyrinth, Trove, Ossuary, Ice Cave and Wizlab.

You collected 14495 gold pieces.
You spent 1298 gold pieces at shops.

Inventory:

Hand weapons
 r - a +5 Blessed Scourge
 U - a +9 eveningstar of holy wrath (weapon)
 Y - a +3 eveningstar of freezing
Armour
 s - a cursed +1 pair of gloves of strength (worn)
 B - a +2 pair of boots of running (worn)
 I - the -2 cloak "Cila" (worn) {rC+ MR++}
   (You found it on level 6 of the Pits of Slime)

   It protects you from cold.
   It affects your resistance to hostile enchantments.
 L - a +5 fire dragon armour (worn)
 M - the +2 hat of the Bear Spirit (worn) {Spirit, +Rage rN+ MR++}
   (You found it on level 5 of the Dungeon)

   It protects you from negative energy.
   It affects your resistance to hostile enchantments.
   It lets you go berserk.
 Z - a +2 shield of reflection (worn)
Magical devices
 k - a wand of fireball (4)
 q - a wand of fire (5)
 z - a wand of digging (3)
 C - a wand of lightning (3)
 F - a wand of lightning (5)
 G - a wand of teleportation (5)
Comestibles
 d - 4 bread rations
 h - 142 fruits
Scrolls
 c - 2 scrolls of identify
 e - 6 scrolls of recharging
 g - 7 scrolls of teleportation
 i - 8 scrolls of magic mapping
 m - a scroll of fear
 w - 8 scrolls of fog
 x - 11 scrolls of remove curse
 E - 16 scrolls of blinking
 H - 2 scrolls of amnesia
 J - 3 scrolls of summoning
 N - a scroll of brand weapon
Jewellery
 f - the macabre finger necklace (around neck) {Ward rN+}
   (You found it on level 7 of Gehenna)

   [amulet of warding]

   It may prevent the melee attacks of summoned creatures.
   It protects you from negative energy.
 l - an uncursed amulet of resist corrosion
 n - an uncursed ring of protection from fire
 o - the ring of Hibraw (on amulet) {rC+ Str+4 SInv}
   (You bought it in a shop on level 4 of the Orcish Mines)

   [ring of protection from cold]

   It affects your strength (+4).
   It protects you from cold.
   It enhances your eyesight.
 t - an uncursed amulet of resist mutation
 A - a ring of protection from cold (right hand)
 K - a ring of regeneration (left hand)
 P - an uncursed ring of ice
 V - an uncursed amulet of clarity
 W - the ring "Liofe" {SustAb Str+4 Int+2}
   (You found it on level 6 of the Pits of Slime)

   [ring of sustain abilities]

   It sustains your strength, intelligence and dexterity.
   It affects your strength (+4).
   It affects your intelligence (+2).
Potions
 b - a potion of heal wounds
 j - 4 potions of restore abilities
 p - 7 potions of magic
 u - 8 potions of haste
 v - 24 potions of curing
 D - 7 potions of might
 Q - 6 potions of resistance
 R - 9 potions of brilliance
 T - 14 potions of agility
Miscellaneous
 O - a phial of floods
Rods
 a - a +9 lightning rod (14/14)
   (You took it off a minotaur in a labyrinth)
 y - a cursed +7 rod of inaccuracy (14/14)
   (You took it off a frost giant on level 5 of the Vaults)


   Skills:
 O Level 27 Fighting
 O Level 27 Maces & Flails
 O Level 27 Armour
 - Level 15.0 Shields
 - Level 10.0 Spellcasting
 - Level 6.0 Hexes
 - Level 14.3 Charms
 - Level 7.0 Translocations
 - Level 6.1 Air Magic
 + Level 24.1 Invocations
 - Level 14.0 Evocations


You had 14 spell levels left.
You knew the following spells:

 Your Spells              Type           Power        Failure   Level  Hunger
a - Blink                 Tloc           N/A          1%          2    None
b - Repel Missiles        Chrm/Air       #####.       1%          2    None
c - Spectral Weapon       Hex/Chrm       #####...     1%          3    None
d - Control Teleport      Chrm/Tloc      ######....   1%          4    ##.....
e - Haste                 Chrm           ######..     3%          6    ######.
f - Deflect Missiles      Chrm/Air       #####.....   21%         6    ######.
g - Airstrike             Air            ####......   8%          4    ##.....
h - Silence               Hex/Air        ####......   17%         5    ####...


Dungeon Overview and Level Annotations

Branches:
Dungeon (15/15)            Temple (1/1) D:5             Orc (4/4) D:12
    Elf (3/3) Orc:4          Lair (8/8) D:10          Swamp (5/5) Lair:3
  Snake (5/5) Lair:5        Slime (6/6) Lair:6       Vaults (5/5) D:14
  Crypt (3/3) Vaults:2       Tomb (3/3) Crypt:3        Hell (1/1)
    Dis (0/7) Hell            Geh (7/7) Hell            Coc (7/7) Hell
    Tar (7/7) Hell            Zot (2/5) Depths:5     Depths (5/5) D:15

Altars:
Ashenzari
Cheibriados
Dithmenos
Elyvilon
Fedhas
Gozag
Kikubaaqudgha
Makhleb
Nemelex Xobeh
Okawaru
Qazlal
Sif Muna
Trog
Vehumet
Xom
Yredelemnul
Zin
The Shining One
Beogh
Jiyva

Shops:
D:4 }   D:5 ?   D:6 =   Orc:1 }   Orc:4 (=*%   Elf:2 !(}   Snake:3 ?*
Snake:4 }   Snake:5 :   Vaults:5 (*}}

Portals:
Hell: Depths:1 Depths:2 Depths:3 Depths:4 Depths:5
Abyss: Depths:4
Pandemonium: Depths:1 Depths:3
Ziggurat: Depths:5


Innate Abilities, Weirdness & Mutations

You are resistant to torment.
You are immune to poison.
You can fly continuously.
Your stone body is very resilient (AC +20).
Your wings are large and strong.
You resist negative energy.
You are resistant to electric shocks.
You can survive without breathing.
You are immune to petrification.
You are immune to rotting.


Message History

Unknown command.
You thump the ettin!
The ettin is lightly wounded.
You block the stone giant's attack. You block the ettin's attack.
You block the ettin's attack.
The frost giant gestures at you while chanting.
The bolt of cold hits you!
The bolt of cold hits the frost giant.
The frost giant resists.
The two-headed ogre hits you but does no damage. x2
Unknown command.
You impale the titan!!
The titan is almost dead.
The stone giant hits you!
* * * LOW HITPOINT WARNING * * *
You block the moth of wrath's attack.
The moth of wrath angrily waves its antennae.
The ettin hits you with a dire flail!!
* * * LOW HITPOINT WARNING * * *
The ettin hits you with a dire flail!
You die...

.# #......#.# #.....#
#...##... .###......#.#
#8...8# #...##...
..##......#.# #.....#
#........ ..###(#####.#
#.....# #........ ### #.# #.#
#.....# #........ #.# #.#
#....[# #......## #.# #.#T
#8C..8# #........ #####.#
#.#.y#CCT..#..#8..#....
....#.#
#.#TTC@OC..y..#..8#####
....#.#
#.#..yCCC..'..#.#.#...#
......#####.#..#.....#..#.#.#
#.# ............#####+++##
#.#.###?. ....#########.
#.#...... ....# #. #.######.
....################ #.# #.
##....)............######.#
#. #.##############.........#
#.


You could see a titan, 2 frost giants, an iron troll (berserk), 2 stone giants,
an ettin (berserk), 2 hill giants, 3 moths of wrath, 3 trolls and a two-headed
ogre (berserk).

Vanquished Creatures
  Antaeus (Coc:7)
  Asmodeus (Geh:7)
  Ereshkigal (Tar:7)
  the royal jelly (Slime:6)
  the Serpent of Hell (Geh:7)
  The ghost of haldagan the Merry Centaur, a legendary CeHu of Cheibriados (Tomb:3)
  An orb of fire (Zot:1)
  Dissolution (Slime:2)
  2 ancient liches
  29 greater mummies
  Boris (twice) (Vaults:4 Crypt:1)
  A curse toe (Zot:2)
  Sojobo (Crypt:1)
  Margery (Vaults:3)
  A Killer Klown (Zot:1)
  Geryon (Hell)
  6 golden dragons
  6 Brimstone Fiends (Geh:7)
  A profane servitor (Crypt:3)
  2 electric golems
  10 bone dragons
  A Hell Sentinel (Abyss:4)
  11 tentacled monstrosities
  17 Ice Fiends
  Vashnia (Snake:2)
  11 titans
  4 deep elf blademasters
  12 Shadow Fiends
  6 deep elf master archers
  25 acid blobs
  An octopode crusher (Depths:1)
  16 liches
  The ghost of FiftyNine the Severer, a mighty DsAK of Lugonu (Snake:4)
  4 quicksilver dragons (Vaults:5)
  6 tentacled starspawn
  13 sphinxes
  7 tengu reavers
  6 storm dragons
  8 shadow dragons
  A thorn hunter (Swamp:4)
  Kirke (Snake:4)
  8 ancient champions
  5 revenants
  2 draconian monks
  12 fire giants
  12 greater nagas
  Donald (Elf:3)
  Wiglaf (Snake:2)
  A ghost moth (Zot:2)
  3 draconian knights
  6 balrugs
  17 azure jellies
  Maud (D:15)
  A draconian scorcher (Zot:1)
  18 vault wardens
  13 deep elf sorcerers
  Aizul (Snake:5)
  Louise (Swamp:4)
  21 frost giants
  An iron dragon (Depths:2)
  3 draconian zealots
  4 emperor scorpions
  50 reapers
  3 draconian annihilators
  An angel (Abyss:4)
  Jorgrun (Crypt:3)
  4 spriggan defenders
  A draconian shifter (Zot:1)
  2 ghouls
  5 deep elf demonologists
  3 draconian callers
  41 stone giants
  9 war gargoyles
  10 green draconians
  8 salamander firebrands
  3 dire elephants
  10 deep elf annihilators
  7 grey draconians
  An eidolon (Crypt:2)
  4 vampire knights
  3 purple draconians
  7 pale draconians
  8 yellow draconians
  11 lorocyprocas
  4 white draconians
  11 black draconians
  6 red draconians
  A mottled draconian (shapeshifter) (Depths:4)
  2 mottled draconians (Zot:1)
  15 ettins
  2 quicksilver dragon zombies
  7 deep elf death magi
  An unborn (Crypt:3)
  21 crystal guardians
  29 vault guards (Vaults:4)
  11 blizzard demons
  8 deep elf high priests
  3 minotaurs
  23 mummy priests
  13 rakshasas
  4 unseen horrors (Depths:1)
  16 great orbs of eyes
  Josephine (D:15)
  21 yaktaur captains
  21 jiangshi
  8 death oozes
  A green death (Abyss:4)
  26 ironheart preservers
  22 ice dragons
  7 death cobs
  The ghost of trollmonk the Grappler, a powerful TrFi of Cheibriados (D:11)
  6 fire dragons
  5 quicksilver dragon skeletons
  Harold (Lair:6)
  A spriggan air mage (Depths:5)
  14 hydras
  6 statues (WizLab)
  27 naga warriors
  11 anacondas
  4 alligators
  7 ravenous item mimics
  Erica (Orc:4)
  7 tengu warriors
  2 ghost crabs (Crypt:1)
  2 shambling mangroves (Swamp:3)
  A ghost crab (shapeshifter) (D:14)
  22 thrashing horrors
  10 deep troll shamans
  21 dancing weapons
  6 deep troll earth magi
  5 death knights
  21 death yaks
  12 ogre magi
  A hell hog (Abyss:3)
  28 naga sharpshooters
  7 shock serpents
  2 spriggan berserkers
  A spectral dire elephant (Crypt:3)
  6 titan zombies
  7 vampire magi
  6 orc high priests
  14 centaur warriors
  17 sun demons
  19 soul eaters
  A storm dragon zombie (Coc:7)
  Nergalle (D:14)
  3 iron golems
  5 catoblepae
  31 deep elf knights
  7 wretched stars
  3 salamander mystics
  5 titan skeletons
  30 very ugly things
  52 deep trolls
  16 ice devils
  2 spatial maelstroms
  26 hell knights
  95 skeletal warriors
  A fire crab (Vaults:5)
  12 flayed ghosts
  8 shadow wraiths
  A ghost moth zombie (Coc:7)
  2 orb spiders (shapeshifter)
  6 iron trolls
  12 shadow demons
  2 golden dragon zombies
  A sea snake (shapeshifter) (Depths:4)
  5 giant orange brains
  12 ironbrand convokers
  3 storm dragon skeletons
  16 anaconda zombies
  2 spriggan druids
  Erolcha (D:10)
  2 anaconda skeletons
  26 large abominations
  3 spectral hydras (Swamp:5)
  A hill giant (shapeshifter) (Depths:4)
  4 ice statues
  11 naga ritualists
  2 silver statues (Depths:4)
  11 deep elf summoners
  2 golden dragon skeletons
  Pikel (D:6)
  12 harpies
  3 shadow dragon zombies
  3 hill giants
  4 wolf spider zombies
  3 wolf spiders
  16 orc knights
  A tengu zombie (Depths:1)
  2 human zombies
  22 hellions
  11 necromancers
  A draconian zombie (Zot:1)
  9 mana vipers
  7 stone giant zombies
  10 deep elf conjurers
  4 iron dragon zombies
  26 phantasmal warriors
  3 wizards
  5 fire giant zombies
  A frost giant zombie (Coc:7)
  5 shining eyes
  5 griffons
  8 cyclopes
  An orc sorcerer (Elf:2)
  2 shadow dragon skeletons
  A manticore (D:11)
  8 red wasps
  A shining eye (shapeshifter) (Vaults:5)
  A manticore (shapeshifter) (Depths:4)
  4 fire giant skeletons
  24 salamanders
  3 worldbinders
  A shock serpent zombie (Geh:7)
  6 frost giant skeletons
  7 iron dragon skeletons
  2 titan simulacra (Coc:7)
  5 stone giant skeletons
  2 elephants (shapeshifter)
  A guardian serpent (shapeshifter) (Abyss:4)
  11 guardian serpents
  8 sixfirhies
  Maurice (D:8)
  9 molten gargoyles (Geh:7)
  4 eyes of devastation
  An eye of devastation (shapeshifter) (Depths:4)
  38 black mambas
  5 smoke demons
  2 torpor snails (Lair:8)
  5 dire elephant zombies
  17 moths of wrath
  An apocalypse crab (Abyss:4)
  14 vault sentinels
  3 orange demons
  An orange crystal statue (Depths:1)
  17 naga magi
  23 tormentors
  A black draconian zombie (Zot:1)
  A mottled draconian zombie (Zot:1)
  An item mimic (Swamp:2)
  Psyche (D:10)
  6 gargoyles
  A white draconian zombie (Crypt:1)
  A redback zombie (Crypt:2)
  6 iron devils (Hell)
  2 yaktaur zombies
  2 storm dragon simulacra (Coc:7)
  5 dire elephant skeletons
  2 efreet (Abyss:4)
  4 kobold demonologists
  2 komodo dragons (shapeshifter)
  A shock serpent skeleton (Geh:7)
  23 spiny frogs
  2 feature mimics
  4 anaconda simulacra
  26 small abominations
  7 ancient zymes
  5 swamp worm zombies (Swamp:5)
  A troll (shapeshifter) (Vaults:4)
  47 yaktaurs
  A death yak skeleton (Crypt:1)
  7 komodo dragons
  7 tengu conjurers
  5 hellwings
  37 freezing wraiths
  86 guardian mummies
  A merfolk (shapeshifter) (Depths:4)
  7 fire drakes
  2 catoblepas zombies
  11 deep elf priests
  2 jumping spiders
  A yaktaur skeleton (Depths:1)
  5 silent spectres
  3 wandering mushrooms (Zot:2)
  14 blue devils
  13 hydra zombies
  11 red devils
  19 two-headed ogres
  5 boulder beetles
  19 ravens
  22 polar bears
  123 slime creatures
  6 wind drakes (Depths:4)
  A baby alligator (shapeshifter) (Vaults:2)
  A moth of wrath zombie (Zot:1)
  A slime creature (shapeshifter) (Depths:4)
  A trapdoor spider zombie (D:12)
  A snapping turtle (shapeshifter) (Vaults:5)
  2 harpy skeletons
  4 ettin zombies
  5 ice dragon zombies
  5 giant leeches
  3 spectral swamp dragons (Swamp:5)
  22 blink frogs
  A fire giant simulacrum (Hell)
  6 hydra skeletons
  A fire vortex (Depths:4)
  8 bog bodies
  29 raiju
  6 alligator zombies
  A basilisk (Lair:1)
  2 catoblepas skeletons
  A fire dragon zombie (Geh:6)
  164 flying skulls
  2 black mamba zombies
  11 trolls
  5 redbacks
  3 trapdoor spiders
  10 vampires
  5 ettin skeletons
  6 fire dragon skeletons
  13 spriggans
  5 air elementals
  A spriggan (shapeshifter) (Depths:5)
  3 alligator skeletons
  4 ice dragon skeletons
  4 redbacks (shapeshifter)
  A spriggan skeleton (Depths:1)
  A griffon skeleton (Crypt:1)
  33 shadows
  A tarantella (Elf:3)
  A hill giant zombie (D:14)
  3 hell beasts (Hell)
  23 wraiths
  19 water elementals
  8 hungry ghosts
  Eustachio (D:6)
  4 fire bats (Geh:7)
  27 golden eyes
  66 yaks
  15 fire elementals
  4 hogs (Snake:4)
  5 chaos spawn
  4 wyverns
  A raven zombie (Crypt:1)
  29 vampire mosquitoes
  A black mamba skeleton (Geh:4)
  31 deep elf magi
  12 neqoxecs
  75 ugly things
  A hill giant skeleton (D:13)
  28 deep elf fighters
  6 wargs
  5 ynoxinuls
  12 hippogriffs
  A deep troll zombie (D:15)
  19 swamp worms
  A hog (shapeshifter) (Depths:3)
  A steam dragon (D:13)
  A water moccasin (shapeshifter) (Vaults:4)
  28 wolves
  3 hydra simulacra
  A soldier ant (D:14)
  A centaur simulacrum (D:15)
  Edmund (D:6)
  93 nagas
  32 hell hounds
  A tengu skeleton (D:13)
  7 spiny frog zombies
  A monstrous demonspawn zombie (Geh:7)
  43 water moccasins
  A wolf (shapeshifter) (Depths:4)
  13 porcupines
  49 orc warriors
  16 yellow wasps
  A swamp drake (shapeshifter) (Vaults:4)
  3 black bears
  5 human skeletons
  14 ice beasts
  13 phantoms
  26 necrophages
  4 sky beasts
  9 spiny frog skeletons
  8 swamp drakes
  A boggart (shapeshifter) (Vaults:3)
  2 boring beetles (shapeshifter) (Depths:4)
  6 manticore zombies
  2 boring beetles
  An elephant skeleton (Crypt:2)
  3 snapping turtle zombies
  4 swamp dragon zombies
  5 manticore skeletons
  5 boggarts (Depths:1)
  48 ogres
  14 crocodiles
  3 snapping turtle skeletons
  2 swamp dragon skeletons
  2 alligator simulacra
  29 centaurs
  20 giant frogs
  2 big kobolds
  3 brain worms
  A salamander zombie (Crypt:2)
  A komodo dragon zombie (Crypt:2)
  2 spiny frog simulacra
  10 earth elementals (Depths:4)
  2 glowing shapeshifter simulacra
  39 insubstantial wisps
  A swamp dragon simulacrum (Crypt:3)
  12 killer bees
  9 eyes of draining
  2 eyes of draining (shapeshifter)
  3 spriggan zombies
  2 shapeshifter zombies (Hell)
  A water moccasin skeleton (D:5)
  3 scorpions
  A human simulacrum (Vaults:1)
  A troll zombie (D:12)
  46 wights
  2 troll skeletons
  2 electric eels (D:12)
  A goliath beetle (D:6)
  4 quasits
  3 centaur zombies
  A giant frog zombie (D:5)
  A boring beetle zombie (D:15)
  5 hounds
  11 crimson imps
  25 starcursed masses
  3 yaktaur simulacra
  42 jellies
  2 centaur skeletons
  An elf zombie (D:13)
  8 iguanas
  35 orc priests
  4 iron imps
  A soldier ant zombie (D:9)
  35 orc wizards
  7 worker ants
  A porcupine skeleton (Crypt:1)
  17 orange rats
  24 sheep
  A spectral swamp drake (Swamp:5)
  A crocodile zombie (D:11)
  A sky beast zombie (D:5)
  A killer bee zombie (D:12)
  2 mottled dragon zombies
  Ijyb (D:4)
  The ghost of donnie the Skirmisher, a weakling DrBe of Trog (D:3)
  2 naga zombies
  A big kobold skeleton (Crypt:1)
  2 necrophage skeletons
  An ogre skeleton (D:7)
  A hound skeleton (Crypt:2)
  A naga skeleton (Coc:7)
  50 mummies
  An orange rat zombie (Hell)
  22 adders
  51 green rats
  2 worm zombies (Crypt:1)
  An inept item mimic (D:8)
  A swamp drake zombie (Swamp:5)
  18 shadow imps
  24 white imps
  9 ufetubi
  An orc simulacrum (D:12)
  A lava snake zombie (Crypt:1)
  An adder skeleton (D:6)
  3 orc skeletons
  10 giant geckos
  An ooze (D:4)
  An ooze (shapeshifter) (Depths:4)
  201 orcs
  2 ball pythons
  14 hobgoblins
  11 jackals
  12 quokkas
  19 bats
  14 giant cockroaches
  A giant gecko skeleton (Crypt:1)
  11 giant newts
  2 gnoll zombies (Ossuary)
  25 goblins
  2 hobgoblin zombies (Ossuary)
  27 kobolds
  2 kobold skeletons
  4 kobold zombies
  5 orc zombies
  16 rats
  2 ballistomycetes (D:12)
  4 crawling corpses
  9 plants
  A starspawn tentacle (Abyss:4)
4774 creatures vanquished.

Vanquished Creatures (collateral kills)
  An orc high priest (Orc:4)
  An orc knight (Orc:4)
  An orange demon (Tomb:1)
  A guardian mummy (Tomb:1)
  A hippogriff (D:13)
5 creatures vanquished.

Vanquished Creatures (others)
  A titan (Tomb:2)
  2 eldritch tentacles
  2 daevas
  4 fire giants
  2 frost giants
  An angel (Coc:7)
  A stone giant (Tomb:2)
  A spectral weapon (Swamp:5)
  A blizzard demon (Coc:7)
  A deep elf death mage (Elf:3)
  A crystal guardian (Elf:3)
  A spectral fire giant (Depths:4)
  A thrashing horror (Abyss:4)
  A titan skeleton (Tar:2)
  9 ball lightnings (Depths:4)
  A deep troll (Vaults:4)
  A sea snake (shapeshifter) (Depths:4)
  An ironbrand convoker (Vaults:4)
  A frost giant skeleton (Tomb:2)
  A moth of wrath (Zot:1)
  A water elemental (Orc:4)
  A komodo dragon (shapeshifter) (Depths:4)
  A giant leech (Swamp:5)
  A two-headed ogre (Zot:2)
  A boulder beetle (Vaults:3)
  A hydra skeleton (Tomb:2)
  3 ravens
  A fire elemental (Depths:4)
  3 flying skulls
  3 yaks (IceCv)
  2 ugly things (Depths:4)
  3 deep elf fighters
  A human (Snake:4)
  A mottled dragon (Vaults:1)
  3 golden eyes (Abyss:4)
  2 nagas
  A small abomination (Abyss:4)
  A swamp drake (Depths:5)
  A yellow wasp (Depths:5)
  A snapping turtle zombie (Geh:7)
  2 ogres
  A centaur (D:6)
  16 lost souls
  2 insubstantial wisps (Depths:4)
  A starcursed mass (Abyss:4)
  An orc wizard (D:4)
  An ogre skeleton (Geh:6)
  An orange rat zombie (Hell)
  2 orcs (Vaults:5)
  A giant spore (D:12)
  A lurking horror (Abyss:4)
  A bush (Lair:6)
  A crawling corpse (Depths:5)
  229 eldritch tentacle segments
  5 fungi
  2 plants
  20 starspawn tentacles
  14 starspawn tentacle segments
367 creatures vanquished.

Grand Total: 5146 creatures vanquished

Notes
Turn   | Place    | Note
--------------------------------------------------------------
     0 | D:1      | Econoterrorist, the Gargoyle Fighter, began the quest for the Orb.
     0 | D:1      | Reached XP level 1. HP: 14/14 MP: 1/1
   266 | D:1      | Reached XP level 2. HP: 19/19 MP: 2/2
   809 | D:1      | Reached XP level 3. HP: 23/23 MP: 3/3
  1482 | D:2      | Reached skill level 4 in Maces & Flails
  1593 | D:2      | Reached XP level 4. HP: 26/28 MP: 4/4
  1837 | D:2      | Found a stormy altar of Qazlal.
  1838 | D:2      | Found a deep blue altar of Sif Muna.
  1839 | D:2      | Found a white marble altar of Elyvilon.
  1927 | D:3      | Reached skill level 5 in Maces & Flails
  1927 | D:3      | Reached XP level 5. HP: 22/32 MP: 5/5
  1944 | D:3      | Noticed donnie's ghost (weakling DrBe)
  1956 | D:3      | Killed donnie's ghost
  2200 | D:3      | Reached skill level 6 in Maces & Flails
  2228 | D:3      | Reached XP level 6. HP: 33/37 MP: 6/6
  2276 | D:3      | Noticed an ogre
  2290 | D:3      | Killed an ogre
  2323 | D:3      | Found a glowing golden altar of the Shining One.
  2798 | D:4      | Found Avogifemakh's Gadget Shop.
  3290 | D:4      | Reached XP level 7. HP: 26/43 MP: 7/7
  3406 | D:4      | Noticed Ijyb
  3426 | D:4      | Killed Ijyb
  3573 | D:5      | Entered Level 5 of the Dungeon
  3695 | D:5      | Reached skill level 7 in Maces & Flails
  3762 | D:5      | Found a staircase to the Ecumenical Temple.
  3771 | Temple   | Entered the Ecumenical Temple
  3815 | Temple   | Became a worshipper of Warmaster Okawaru
  3873 | D:5      | Found Labuets' Magic Scroll Emporium.
  3880 | D:5      | Bought a scroll of remove curse for 42 gold pieces
  4106 | D:5      | Reached XP level 8. HP: 48/48 MP: 8/8
  4343 | D:6      | Found a blossoming altar of Fedhas.
  4619 | D:6      | Found a shattered altar of Ashenzari.
  4646 | D:6      | Reached skill level 5 in Fighting
  4741 | D:6      | Noticed Eustachio
  4811 | D:6      | Killed Eustachio
  4811 | D:6      | Acquired Okawaru's first power
  4811 | D:6      | Reached skill level 8 in Maces & Flails
  4811 | D:6      | Reached skill level 5 in Armour
  4965 | D:6      | Found Xiropun's Jewellery Boutique.
  4969 | D:6      | Reached skill level 5 in Shields
  5087 | D:6      | Noticed Edmund
  5116 | D:6      | Killed Edmund
  5242 | D:6      | Noticed Pikel
  5264 | D:6      | Killed Pikel
  5264 | D:6      | Reached skill level 9 in Maces & Flails
  5264 | D:6      | Reached XP level 9. HP: 52/55 MP: 9/9
  6189 | D:8      | Found a sand-covered staircase.
  6202 | Ossuary  | Entered an ossuary
  6554 | D:8      | Noticed Maurice
  6924 | D:8      | Reached skill level 10 in Maces & Flails
  6952 | D:8      | Killed Maurice
  6952 | D:8      | Reached XP level 10. HP: 55/63 MP: 10/10
  7060 | D:8      | Noticed a hill giant
  7079 | D:8      | Killed a hill giant
  7079 | D:8      | Reached skill level 1 in Invocations
  8989 | D:10     | Entered Level 10 of the Dungeon
  9009 | D:10     | Noticed Psyche
  9117 | D:10     | Reached skill level 11 in Maces & Flails
  9127 | D:10     | Noticed Erolcha
  9151 | D:10     | Killed Erolcha
  9307 | D:10     | Acquired Okawaru's second power
  9490 | D:10     | Reached XP level 11. HP: 64/68 MP: 17/19
  9508 | D:10     | Found a staircase to the Lair.
  9535 | D:10     | Reached skill level 5 in Invocations
  9832 | D:10     | Killed Psyche
  9832 | D:10     | Reached skill level 12 in Maces & Flails
  9958 | D:11     | Noticed trollmonk's ghost (powerful TrFi)
 10001 | D:11     | Killed trollmonk's ghost
 10416 | D:11     | Reached skill level 13 in Maces & Flails
 10445 | D:11     | Found a burning altar of Makhleb.
 10445 | D:11     | Noticed a cacodemon
 10707 | D:11     | Received a gift from Okawaru
 10877 | D:11     | Found a shattered altar of Ashenzari.
 11619 | Lair:1   | Entered Level 1 of the Lair of Beasts
 11697 | Lair:1   | Reached skill level 14 in Maces & Flails
 12325 | Lair:1   | Reached XP level 12. HP: 73/73 MP: 20/20
 12991 | Lair:2   | Found a frozen archway.
 13051 | IceCv    | Entered an ice cave
 14087 | IceCv    | Received a gift from Okawaru
 14088 | IceCv    | Got a warped demon trident {god gift}
 14157 | IceCv    | Reached skill level 10 in Fighting
 14170 | IceCv    | Reached skill level 10 in Shields
 14213 | IceCv    | Noticed a death yak
 14213 | IceCv    | Noticed a death yak
 14213 | IceCv    | Noticed a frost giant
 14253 | IceCv    | Reached skill level 10 in Armour
 14277 | IceCv    | Killed a death yak
 14290 | IceCv    | Killed a death yak
 14290 | IceCv    | Reached XP level 13. HP: 71/83 MP: 15/21
 14301 | IceCv    | Killed a frost giant
 14407 | Lair:2   | Received a gift from Okawaru
 15508 | Lair:3   | Found a staircase to the Swamp.
 15611 | Lair:3   | Got a creamy pearl robe
 15625 | Lair:3   | Identified the cursed -1 robe "Twaare" {+Inv +Fly} (You found it on level 3 of the Lair of Beasts)
 16969 | Lair:4   | Identified the Compendium of Conjuration
 17655 | Lair:5   | Found a staircase to the Snake Pit.
 18405 | Lair:6   | Received a gift from Okawaru
 18406 | Lair:6   | Got a slimy plate armour {god gift}
 18447 | Lair:6   | Identified the +14 plate armour "Wiujarchi" {Dex-1 Int+2} (Okawaru gifted it to you on level 6 of the Lair of Beasts)
 18628 | Lair:6   | Noticed Harold
 18654 | Lair:6   | Killed Harold
 18908 | Lair:6   | Found a viscous altar of Jiyva.
 18908 | Lair:6   | Found a staircase to the Slime Pits.
 19156 | Lair:6   | Gained mutation: Your wings are large and strong. [gargoyle growth]
 19156 | Lair:6   | Reached XP level 14. HP: 81/92 MP: 18/22
 19833 | Lair:7   | Found a labyrinth entrance.
 19842 | Lab      | Entered a labyrinth
 20797 | Lair:7   | Gained mutation: Your mind is acute. (Int +2) [potion of beneficial mutation]
 21410 | Lair:8   | Entered Level 8 of the Lair of Beasts
 21462 | Lair:8   | Received a gift from Okawaru
 21744 | Lair:8   | Received a gift from Okawaru
 21976 | Lair:8   | Reached XP level 15. HP: 100/100 MP: 23/23
 22240 | Lair:8   | Reached skill level 15 in Shields
 23090 | Snake:1  | Entered Level 1 of the Snake Pit
 23135 | Snake:1  | Reached skill level 1 in Evocations
 23327 | Snake:1  | Reached XP level 16. HP: 94/106 MP: 20/24
 23376 | Snake:1  | Found a blossoming altar of Fedhas.
 23842 | Snake:1  | Got a crystal cutlass
 23843 | Snake:1  | Identified the +9 cutlass of Loitz {freeze, rF+ rC+} (You found it on level 1 of the Snake Pit)
 23894 | Snake:1  | Received a gift from Okawaru
 24067 | Snake:1  | Reached skill level 5 in Evocations
 24239 | Snake:1  | Upgraded the game from 0.15-a0-1854-g6489380 to 0.15-a0-1866-g491fd59
 24360 | Snake:2  | Noticed Vashnia
 24701 | Snake:2  | Killed Vashnia
 24846 | Snake:2  | Received a gift from Okawaru
 25614 | Snake:2  | Noticed Wiglaf
 25648 | Snake:2  | Killed Wiglaf
 26366 | Snake:3  | Found Utics' Assorted Antiques.
 26369 | Snake:3  | Bought an iron ring for 155 gold pieces
 26369 | Snake:3  | Bought a curved fluorescent wand for 124 gold pieces
 26369 | Snake:3  | Bought a scroll labeled YSAOSM GRELL for 31 gold pieces
 26691 | Snake:3  | Found Ymasua's Magic Scroll Shoppe.
 27093 | Snake:3  | Reached skill level 15 in Armour
 27142 | Snake:3  | Received a gift from Okawaru
 27495 | Snake:4  | Reached XP level 17. HP: 85/111 MP: 1/29
 27641 | Snake:4  | Noticed Kirke
 27674 | Snake:4  | Killed Kirke
 27893 | Snake:4  | Noticed FiftyNine's ghost (mighty DsAK)
 27946 | Snake:4  | Killed FiftyNine's ghost
 27946 | Snake:4  | Reached skill level 10 in Evocations
 28345 | Snake:4  | Found Dasmoas' Gadget Shop.
 28676 | Snake:5  | Entered Level 5 of the Snake Pit
 28705 | Snake:5  | Found Plauvakk's Book Shoppe.
 29811 | Snake:5  | Received a gift from Okawaru
 29812 | Snake:5  | Got an ichor-stained flail {god gift}
 29813 | Snake:5  | Identified the +0 flail of Okawaru's Fury {venom, Contam Str+4 Stlth---} (Okawaru gifted it to you on level 5 of the Snake Pit)
 29973 | Snake:4  | Gained mutation: You have a slow metabolism. [mutagenic glow]
 30590 | Snake:5  | Received a gift from Okawaru
 31319 | Snake:5  | Reached XP level 18. HP: 114/117 MP: 33/33
 31370 | Snake:5  | Noticed Aizul
 31419 | Snake:5  | Killed Aizul
 31695 | Snake:5  | Received a gift from Okawaru
 31896 | Snake:5  | Reached skill level 15 in Fighting
 32730 | Snake:5  | Reached skill level 15 in Maces & Flails
 32967 | Snake:5  | Got a serpentine rune of Zot
 33139 | Snake:5  | Received a gift from Okawaru
 33150 | Snake:5  | Reached skill level 16 in Fighting
 33913 | D:12     | Noticed a four-headed hydra
 33914 | D:12     | Noticed a hill giant
 33923 | D:12     | Killed a four-headed hydra
 33928 | D:12     | Killed a hill giant
 34224 | D:12     | Found a staircase to the Orcish Mines.
 34525 | Orc:1    | Entered Level 1 of the Orcish Mines
 35014 | Orc:2    | Found a bloodstained altar of Trog.
 35555 | Orc:1    | Found Gheutig's Gadget Boutique.
 35880 | Orc:4    | Entered Level 4 of the Orcish Mines
 36472 | Orc:4    | Found a staircase to the Elven Halls.
 36565 | Orc:4    | Noticed Erica
 36593 | Orc:4    | Killed Erica
 37279 | Orc:4    | Found Etaiz's Food Shop.
 37280 | Orc:4    | Found Peorer's Jewellery Boutique.
 37280 | Orc:4    | Found Arenuoh's General Store.
 37281 | Orc:4    | Found Thaumog's Weapon Shop.
 37289 | Orc:4    | Bought the ring of Hibraw {rC+ Str+4 SInv} for 669 gold pieces
 37297 | Orc:4    | Bought a scroll of enchant armour for 97 gold pieces
 37492 | Orc:3    | Found a roughly hewn altar of Beogh.
 37966 | Orc:3    | Reached XP level 19. HP: 127/127 MP: 34/34
 37980 | Orc:3    | Learned a level 2 spell: Blink
 37983 | Orc:3    | Learned a level 2 spell: Repel Missiles
 38188 | Elf:1    | Entered Level 1 of the Elven Halls
 39023 | Elf:1    | Found a burning altar of Makhleb.
 39077 | Elf:1    | Reached skill level 17 in Fighting
 39236 | Elf:1    | Received a gift from Okawaru
 39506 | Elf:1    | Reached skill level 1 in Charms
 40037 | Elf:2    | Found Ehegau's Weapon Emporium.
 40242 | Elf:2    | Found Chufaokk's Gadget Boutique.
 40919 | Elf:2    | Found Cosh's Distillery.
 40938 | Elf:2    | Bought a potion of brilliance for 45 gold pieces
 41129 | Elf:3    | Entered Level 3 of the Elven Halls
 41181 | Elf:3    | Reached skill level 1 in Air Magic
 41202 | Elf:3    | Found a burning altar of Makhleb.
 41342 | Elf:3    | Noticed Donald
 41361 | Elf:3    | Killed Donald
 41361 | Elf:3    | Received a gift from Okawaru
 41780 | Elf:2    | Reached skill level 5 in Air Magic
 42066 | Elf:3    | Reached skill level 1 in Translocations
 42234 | Elf:3    | Received a gift from Okawaru
 42301 | Elf:3    | Got a smoking crystal amulet
 42312 | Elf:3    | Got a twisted mace
 42313 | Elf:3    | Identified the +6 mace of Mourning {drain, rElec Str+3 Dex+2} (You took it off a deep elf high priest on level 3 of the Elven Halls)
 42444 | Elf:3    | Reached skill level 5 in Translocations
 42630 | Elf:3    | Got a slimy bronze ring
 42633 | Elf:3    | Identified the ring of Benevolence {+/*Tele Str+3 Dex-4} (You took it off a deep elf sorcerer on level 3 of the Elven Halls)
 42638 | Elf:3    | Identified the amulet "Stiaqucu" {-Cast +Rage SInv} (You took it off a deep elf high priest on level 3 of the Elven Halls)
 42874 | Elf:3    | Got a scintillating ruby amulet
 42876 | Elf:3    | Identified the amulet "Googgoiz" {Gourm Str+4 Int+4} (You found it on level 3 of the Elven Halls)
 42890 | Elf:3    | Got a faintly humming cloak
 42894 | Elf:3    | Identified the +2 cloak of Trial and Error {+Rage rN+} (You found it on level 3 of the Elven Halls)
 42961 | Elf:3    | Reached XP level 20. HP: 128/134 MP: 33/34
 43122 | Elf:3    | Identified the Papyrus of Beguiling and Protection (You found it on level 3 of the Elven Halls)
 43127 | Elf:3    | Learned a level 3 spell: Spectral Weapon
 43788 | Swamp:1  | Entered Level 1 of the Swamp
 43864 | Swamp:1  | Reached skill level 1 in Hexes
 45250 | Swamp:3  | Reached skill level 5 in Hexes
 45271 | Swamp:3  | Received a gift from Okawaru
 46110 | Swamp:4  | Noticed Louise
 46138 | Swamp:4  | Killed Louise
 46138 | Swamp:4  | Reached skill level 5 in Charms
 46635 | Swamp:5  | Entered Level 5 of the Swamp
 46871 | Swamp:5  | Received a gift from Okawaru
 46876 | Swamp:5  | Identified a +2 pair of boots of running (Okawaru gifted it to you on level 5 of the Swamp)
 47114 | Swamp:5  | Noticed a bone dragon
 47164 | Swamp:5  | Killed a bone dragon
 47218 | Swamp:5  | Got a decaying rune of Zot
 47551 | Swamp:5  | Reached skill level 1 in Spellcasting
 48065 | Slime:1  | Entered Level 1 of the Pits of Slime
 49184 | Slime:3  | Reached skill level 18 in Fighting
 49189 | Slime:3  | Noticed Dissolution
 49200 | Slime:3  | Paralysed by a giant eyeball for 4 turns
 49217 | Slime:2  | Paralysed by a giant eyeball for 2 turns
 49224 | Slime:2  | Killed Dissolution
 49224 | Slime:2  | Reached XP level 21. HP: 81/141 MP: 17/35
 49860 | Slime:2  | Gained mutation: Your magical capacity is low (-10% MP). [a shining eye]
 50433 | Slime:3  | Received a gift from Okawaru
 50542 | Slime:4  | Reached skill level 19 in Fighting
 50620 | Slime:4  | Gained mutation: You are frail (-10% HP). [a shining eye]
 51625 | Slime:5  | Gained mutation: Potions and wands are less effective at restoring your health. [a shining eye]
 52362 | Slime:5  | Reached skill level 20 in Fighting
 52800 | Lair:2   | Lost mutation: You are frail (-10% HP). [potion of cure mutation]
 52800 | Lair:2   | Lost mutation: Your mind is acute. (Int +2) [potion of cure mutation]
 52800 | Lair:2   | Lost mutation: Potions and wands are less effective at restoring your health. [potion of cure mutation]
 52800 | Lair:2   | Lost mutation: You have a slow metabolism. [potion of cure mutation]
 52965 | Slime:6  | Entered Level 6 of the Pits of Slime
 53231 | Slime:5  | Received a gift from Okawaru
 53319 | Slime:6  | Noticed the royal jelly
 53340 | Slime:6  | Killed the royal jelly
 54252 | Slime:6  | Reached skill level 21 in Fighting
 54630 | Slime:6  | Identified the Handbook of Incorporation (You found it on level 6 of the Pits of Slime)
 54645 | Slime:6  | Reached XP level 22. HP: 143/155 MP: 32/32
 54679 | Slime:6  | Identified the Reference Book on Doomed Execration
 54763 | Slime:6  | Got a slimy rune of Zot
 54771 | Slime:6  | Got a faintly humming plate armour
 54772 | Slime:6  | Identified the +1 plate armour of Depression {+Inv rF+ MR+ Slay+4} (You found it on level 6 of the Pits of Slime)
 54829 | Slime:6  | Got an ancient cloak
 54835 | Slime:6  | Got a sparkling silver ring
 54841 | Slime:6  | Identified the ring "Liofe" {SustAb Str+4 Int+2} (You found it on level 6 of the Pits of Slime)
 54897 | Slime:5  | Identified the cursed -2 cloak "Cila" {rC+ MR++} (You found it on level 6 of the Pits of Slime)
 55445 | D:13     | Got a bloodstained helmet
 55446 | D:13     | Identified the cursed +0 helmet "Xiguod" {Dex-4 Slay+2} (You found it on level 13 of the Dungeon)
 55778 | D:14     | Received a gift from Okawaru
 55784 | D:14     | Got a transparent mace {god gift}
 55785 | D:14     | Identified the +3 mace of the Blessings {flame, +Rage rElec} (Okawaru gifted it to you on level 14 of the Dungeon)
 55843 | D:14     | Noticed Nergalle
 55850 | D:14     | Killed Nergalle
 55857 | D:14     | Found a gate to the Vaults.
 56054 | D:14     | Found a radiant altar of Vehumet.
 56581 | D:15     | Entered Level 15 of the Dungeon
 56582 | D:15     | Noticed Josephine
 56595 | D:15     | Killed Josephine
 56597 | D:15     | Reached skill level 22 in Fighting
 56732 | D:15     | Noticed Maud
 56743 | D:15     | Killed Maud
 56894 | D:15     | Found a staircase to the Depths.
 57371 | Vaults:1 | Entered Level 1 of the Vaults
 58084 | Vaults:1 | Received a gift from Okawaru
 58775 | Vaults:1 | Reached skill level 23 in Fighting
 59347 | Vaults:2 | Found a staircase to the Crypt.
 60233 | Vaults:3 | Noticed Margery
 60350 | Vaults:3 | Killed Margery
 60350 | Vaults:3 | Reached XP level 23. HP: 130/167 MP: 26/32
 60515 | Vaults:3 | Reached skill level 24 in Fighting
 61273 | Vaults:3 | Received a gift from Okawaru
 62040 | Vaults:4 | Reached skill level 25 in Fighting
 62734 | Vaults:4 | Noticed Boris
 62742 | Vaults:4 | Killed Boris
 62742 | Vaults:4 | Received a gift from Okawaru
 63281 | Lair:2   | Learned a level 4 spell: Control Teleport
 63288 | Lair:2   | Learned a level 6 spell: Haste
 63938 | Vaults:4 | Reached skill level 26 in Fighting
 64302 | Vaults:5 | Entered Level 5 of the Vaults
 64372 | Vaults:4 | Reached XP level 24. HP: 156/178 MP: 31/33
 64536 | Vaults:4 | Received a gift from Okawaru
 65290 | Vaults:5 | Got a silver rune of Zot
 65418 | Vaults:4 | Reached skill level 27 in Fighting
 65457 | Vaults:4 | Received a gift from Okawaru
 65931 | Vaults:5 | Reached skill level 10 in Charms
 66333 | Vaults:5 | Identified the Almanac of Transmigration
 66844 | Vaults:5 | Got an encrusted shield
 66856 | Vaults:5 | Identified the +0 shield of Vanity {Str+4 Int+3} (You found it on level 5 of the Vaults)
 67332 | Vaults:5 | Found Biof's Antique Weapon Shoppe.
 67332 | Vaults:5 | Noticed an ancient lich
 67332 | Vaults:5 | Found Suatarua's General Store.
 67339 | Vaults:5 | Killed an ancient lich
 67339 | Vaults:5 | Reached XP level 25. HP: 134/187 MP: 24/33
 67355 | Vaults:5 | Received a gift from Okawaru
 67356 | Vaults:5 | Got a pair of shimmering boots {god gift}
 67375 | Vaults:4 | Identified the +1 pair of boots "Adaon" {rElec rPois Stlth++} (Okawaru gifted it to you on level 5 of the Vaults)
 67916 | Vaults:5 | Found Haxufoom's Gadget Shoppe.
 67920 | Vaults:5 | Bought a scroll of enchant weapon for 135 gold pieces
 68072 | Vaults:5 | Found Peratwu's Gadget Shop.
 68599 | Lair:2   | Identified a +4 rod of inaccuracy (10/10) (You took it off a frost giant on level 5 of the Vaults)
 68838 | Crypt:1  | Entered Level 1 of the Crypt
 69433 | D:3      | Fell from the grace of Okawaru
 69433 | D:3      | Became a worshipper of the Shining One
 70115 | Crypt:1  | Acquired the Shining One's first power
 70292 | Crypt:1  | Noticed Sojobo
 70305 | Crypt:1  | Reached skill level 5 in Spellcasting
 70332 | Crypt:1  | Killed Sojobo
 70754 | Crypt:1  | Noticed Boris
 70762 | Crypt:1  | Killed Boris
 70871 | Crypt:1  | Acquired the Shining One's second power
 71087 | Crypt:2  | Found a magical portal.
 71097 | WizLab   | Entered Tukima's Studio
 72011 | Crypt:3  | Entered Level 3 of the Crypt
 72071 | Crypt:3  | Noticed Jorgrun
 72078 | Crypt:3  | Killed Jorgrun
 72181 | Crypt:3  | Acquired the Shining One's third power
 72213 | Crypt:3  | Reached skill level 10 in Spellcasting
 72263 | Crypt:3  | Reached XP level 26. HP: 193/193 MP: 35/35
 72421 | Crypt:3  | Found an ancient bone altar of Kikubaaqudgha.
 72475 | Crypt:3  | Acquired the Shining One's fourth power
 72693 | Crypt:3  | Got a pair of polished boots
 72697 | Crypt:3  | Identified the cursed -4 pair of boots of the Big Bang {+Rage +Fly rElec rC++} (You found it on level 3 of the Crypt)
 72800 | Crypt:3  | Got a steaming plate armour
 72801 | Crypt:3  | Identified the +2 plate armour of Axkucy {rC++ Slay+5} (You found it on level 3 of the Crypt)
 72822 | Crypt:3  | Reached skill level 10 in Invocations
 72843 | Crypt:3  | Got a faintly humming plate armour
 72844 | Crypt:3  | Identified the +2 plate armour of the Jabberwock {rPois SInv} (You found it on level 3 of the Crypt)
 73147 | Crypt:3  | Found a staircase to the Tomb.
 73147 | Crypt:3  | Noticed an ancient lich
 73155 | Crypt:3  | Killed an ancient lich
 73205 | Tomb:1   | Entered Level 1 of the Tomb of the Ancients
 74156 | Tomb:1   | Noticed a greater mummy
 74768 | Tomb:2   | Noticed a greater mummy
 74768 | Tomb:2   | Noticed a greater mummy
 74792 | Tomb:2   | Noticed a greater mummy
 74828 | Tomb:2   | Noticed a greater mummy
 74869 | Tomb:1   | Killed a greater mummy
 75137 | Tomb:2   | Killed a greater mummy
 75156 | Tomb:1   | Killed a greater mummy
 75156 | Tomb:1   | Reached skill level 15 in Invocations
 75248 | Tomb:1   | Killed a greater mummy
 75630 | Tomb:2   | Reached XP level 27. HP: 180/199 MP: 25/35
 76075 | Tomb:1   | Noticed a greater mummy
 76249 | Tomb:1   | Killed a greater mummy
 76275 | Tomb:1   | Noticed a greater mummy
 76285 | Tomb:1   | Killed a greater mummy
 76351 | Tomb:1   | Noticed a greater mummy
 76359 | Tomb:1   | Killed a greater mummy
 76463 | Tomb:1   | Noticed a greater mummy
 76472 | Tomb:1   | Killed a greater mummy
 76524 | Tomb:1   | Noticed a greater mummy
 76524 | Tomb:1   | Noticed a greater mummy
 76536 | Tomb:1   | Killed a greater mummy
 76543 | Tomb:1   | Killed a greater mummy
 76608 | Tomb:1   | Noticed a greater mummy
 76624 | Tomb:1   | Noticed a greater mummy
 76630 | Tomb:1   | Killed a greater mummy
 76642 | Tomb:1   | Killed a greater mummy
 76715 | Tomb:1   | Noticed a greater mummy
 76726 | Tomb:1   | Killed a greater mummy
 76747 | Tomb:1   | Noticed a greater mummy
 76758 | Tomb:1   | Killed a greater mummy
 76792 | Tomb:1   | Noticed a greater mummy
 76796 | Tomb:1   | Noticed a greater mummy
 76799 | Tomb:1   | Noticed a greater mummy
 76800 | Tomb:1   | Killed a greater mummy
 76817 | Tomb:1   | Killed a greater mummy
 76819 | Tomb:1   | Killed a greater mummy
 76932 | Tomb:1   | Noticed a greater mummy
 76939 | Tomb:1   | Killed a greater mummy
 76995 | Tomb:1   | Noticed a greater mummy
 77004 | Tomb:1   | Killed a greater mummy
 77011 | Tomb:1   | Noticed a greater mummy
 77024 | Tomb:1   | Killed a greater mummy
 77074 | Tomb:1   | Got a vibrating jade ring
 77075 | Tomb:1   | Identified the ring "Jegrohuk" {Fire Int+3} (You took it off a mummy priest on level 1 of the Tomb of the Ancients)
 77151 | Tomb:2   | Identified a scroll of acquirement
 77272 | Tomb:3   | Entered Level 3 of the Tomb of the Ancients
 77380 | Tomb:2   | Was forgiven by Okawaru
 77847 | Tomb:3   | Noticed haldagan's ghost (legendary CeHu)
 78562 | Tomb:3   | Killed haldagan's ghost
 78702 | Tomb:3   | Got a brightly glowing turquoise ring
 78703 | Tomb:3   | Identified the ring "Ijyoll" {rElec Str+1 Int+1} (You found it on level 3 of the Tomb of the Ancients)
 78738 | Tomb:3   | Learned a level 6 spell: Deflect Missiles
 78744 | Tomb:3   | Learned a level 4 spell: Airstrike
 78750 | Tomb:3   | Learned a level 5 spell: Silence
 78752 | Tomb:3   | Identified Zydem's Tome of Toxic Cold (You found it on level 3 of the Tomb of the Ancients)
 78785 | Tomb:3   | Got a twisted helmet
 78786 | Tomb:3   | Identified the +2 helmet of the Saviour {rPois} (You found it on level 3 of the Tomb of the Ancients)
 79325 | Tomb:3   | Got a transparent wooden ring
 79326 | Tomb:3   | Identified the ring "Schiokh" {+/*Tele rC+ SInv} (You found it on level 3 of the Tomb of the Ancients)
 79485 | Tomb:3   | Got a golden rune of Zot
 80338 | Lair:2   | Upgraded the game from 0.15-a0-1866-g491fd59 to 0.15-a0-1880-g53e602b
 80569 | Depths:1 | Entered Level 1 of the Depths
 80723 | Depths:1 | Found a gateway to Hell.
 81546 | Depths:1 | Found a one-way gate leading to the halls of Pandemonium.
 82189 | D:3      | Identified a Blessed Scourge {god gift} (a glowing demon whip blessed by the Shining One)
 83548 | Depths:2 | Identified the Grimoire of Feathers
 84696 | Depths:3 | Found a portal to a secret trove of treasure.
 85619 | Depths:4 | Found a one-way gate to the infinite horrors of the Abyss.
 85624 | Depths:4 | Voluntarily entered the Abyss.
 85773 | Abyss:3  | Found a corrupted altar of Lugonu.
 86030 | Abyss:3  | Identified the Disquisition on Flying Protection
 86068 | Abyss:3  | Paralysed by accursed screaming for 1 turns
 86078 | Abyss:3  | Paralysed by accursed screaming for 1 turns
 86083 | Abyss:3  | Paralysed by accursed screaming for 1 turns
 86307 | Abyss:3  | Gained mutation: Your magical capacity is extremely low (-30% MP). [a neqoxec]
 87415 | Abyss:4  | Found a blossoming altar of Fedhas.
 87458 | Abyss:4  | Gained mutation: Your magical capacity is extremely low (-30% MP). [a neqoxec]
 87462 | Abyss:4  | Gained mutation: You are dopey. (Int -2) [a neqoxec]
 87579 | Abyss:4  | Lost mutation: You are dopey. (Int -2) [a neqoxec]
 87580 | Abyss:4  | Gained mutation: You are clumsy. (Dex -2) [a neqoxec]
 87858 | Abyss:4  | Got an abyssal rune of Zot
 88267 | Abyss:4  | Paralysed by accursed screaming for 1 turns
 88277 | Abyss:4  | Paralysed by accursed screaming for 1 turns
 88477 | Depths:4 | Escaped the Abyss
 88605 | Depths:3 | You showed the abyssal rune of Zot to enter a treasure trove
 88606 | Trove    | Entered a treasure trove
 89789 | Depths:4 | Reached skill level 27 in Armour
 90170 | Depths:5 | Entered Level 5 of the Depths
 90604 | Depths:5 | Found a gate to the Realm of Zot.
 90840 | Depths:5 | Found a gateway to a ziggurat.
 92049 | Hell     | Entered the Vestibule of Hell
 92049 | Hell     | Noticed Geryon
 92241 | Hell     | Killed Geryon
 92436 | Hell     | Found a gateway to the Iron City of Dis.
 92725 | Hell     | Found a gateway to the ashen valley of Gehenna.
 92802 | Hell     | Found a gateway to the decaying netherworld of Tartarus.
 92883 | Hell     | Found a gateway to the freezing wastes of Cocytus.
 93042 | Tar:1    | Entered Level 1 of Tartarus
 93738 | Tar:3    | Paralysed by an eldritch tentacle for 6 turns
 95253 | Tar:7    | Entered Level 7 of Tartarus
 95432 | Tar:7    | Identified Schikoen's Grimoire of Execration (You found it on level 7 of Tartarus)
 96158 | Tar:7    | Noticed Ereshkigal
 96178 | Tar:7    | Killed Ereshkigal
 96251 | Tar:7    | Got a bone rune of Zot
 96355 | Geh:1    | Entered Level 1 of Gehenna
 96925 | Geh:7    | Entered Level 7 of Gehenna
 97546 | Geh:7    | Noticed the Serpent of Hell
 97556 | Geh:7    | Killed the Serpent of Hell
 97774 | Geh:7    | Noticed Asmodeus
 97798 | Geh:7    | Killed Asmodeus
 98107 | Geh:7    | Got a fine steel ring
 98108 | Geh:7    | Identified the ring of Klyb {Wiz Slay+2 Stlth-} (You found it on level 7 of Gehenna)
 98128 | Geh:7    | Got an obsidian rune of Zot
 98343 | Coc:1    | Entered Level 1 of Cocytus
 99166 | Coc:7    | Entered Level 7 of Cocytus
 99584 | Coc:7    | Reached skill level 27 in Maces & Flails
 99960 | Coc:7    | Noticed Antaeus
100254 | Coc:7    | Killed Antaeus
100263 | Coc:7    | Got an icy rune of Zot
100298 | Coc:7    | Got a glittering lead ring
100299 | Coc:7    | Identified the ring of Midsummer {+Rage rElec Dex+4 SInv} (You found it on level 7 of Cocytus)
100669 | Zot:1    | Entered Level 1 of the Realm of Zot
101411 | Zot:1    | Noticed an orb of fire
101626 | Zot:1    | Gained mutation: Armour fits poorly on your strangely shaped body. [an orb of fire]
101627 | Zot:1    | Killed an orb of fire
102752 | Lair:2   | Lost mutation: Armour fits poorly on your strangely shaped body. [potion of cure mutation]
102752 | Lair:2   | Lost mutation: You are clumsy. (Dex -2) [potion of cure mutation]
102752 | Lair:2   | Lost mutation: Your magical capacity is extremely low (-30% MP). [potion of cure mutation]
102752 | Lair:2   | Lost mutation: Your magical capacity is very low (-20% MP). [potion of cure mutation]
102752 | Lair:2   | Lost mutation: Your magical capacity is low (-10% MP). [potion of cure mutation]
104889 | Zot:2    | HP: 9/199 [ettin/dire flail (33)]
104889 | Zot:2    | Slain by an ettin

Action                   |  1- 3 |  4- 6 |  7- 9 | 10-12 | 13-15 | 16-18 | 19-21 | 22-24 | 25-27 || total
-------------------------+-------+-------+-------+-------+-------+-------+-------+-------+-------++-------
Melee: Flail             |   202 |   294 |   506 |    78 |  1190 |  1824 |       |       |       ||  4094
       Whip              |       |       |   100 |  1236 |   282 |    94 |       |       |       ||  1712
       Eveningstar       |       |       |       |       |       |  1171 |  2480 |  2548 |  5634 || 11833
       Rod               |       |       |       |       |       |       |   200 |       |     2 ||   202
       Unarmed           |       |       |       |       |       |       |    21 |       |       ||    21
       Sacred scourge    |       |       |       |       |       |       |       |       |  3181 ||  3181
 Cast: Repel Missiles    |       |       |       |       |       |       |     6 |     5 |     6 ||    17
       Spectral Weapon   |       |       |       |       |       |       |     1 |       |       ||     1
       Blink             |       |       |       |       |       |       |     1 |       |     1 ||     2
       Deflect Missiles  |       |       |       |       |       |       |       |       |    21 ||    21
       Haste             |       |       |       |       |       |       |       |       |     6 ||     6
Invok: Heroism           |       |       |     1 |     4 |     5 |     4 |     3 |       |     1 ||    18
       Finesse           |       |       |       |     2 |     1 |     3 |     1 |       |     1 ||     8
       Cleansing Flame   |       |       |       |       |       |       |       |       |    40 ||    40
       Summon Divine War |       |       |       |       |       |       |       |       |     3 ||     3
       Divine Shield     |       |       |       |       |       |       |       |       |     5 ||     5
 Abil: Fly               |       |       |       |       |     1 |       |     3 |       |     2 ||     6
       Stop Flying       |       |       |       |       |       |       |     1 |     1 |     2 ||     4
       Evoke Berserk Rag |       |       |       |       |       |       |       |       |     1 ||     1
Evoke: Wand              |       |     1 |     2 |    15 |     4 |     2 |    13 |     5 |    14 ||    56
       Rod               |       |       |       |       |       |    25 |     7 |     6 |    16 ||    54
       Phial of floods   |       |       |       |       |       |     1 |       |       |       ||     1
  Use: Potion            |       |     1 |       |     1 |     3 |       |     6 |     3 |    16 ||    30
       Scroll            |       |       |     3 |    13 |    17 |     9 |     8 |    26 |    36 ||   112
 Stab: Fleeing           |       |       |       |     2 |       |       |       |       |       ||     2
